Inferno vs Gangsters
(R1)
Created - October 21, 2020 at 19:13
Goals
|
| Inferno |
1 |
3 |
1 |
5 |
| Gangsters |
2 |
1 |
0 |
3 |
|
Shots
|
| Inferno |
7 |
12 |
11 |
30 |
| Gangsters |
9 |
9 |
6 |
24 |
|
1st period
1. Gangsters , Seth Griffith 1 (David Pope 1, Stefan Noesen 1) at 2:56 (PP)
2. Inferno , Philip Varone 1 (Matthew Nieto 1) at 7:54
3. Gangsters , David Pope 2 (Stefan Noesen 2, Seth Griffith 2) at 14:21
Penalties :
Vladimir Sobotka (Anc) for Goalie Interference (Minor) at 1:37, Mikhail Vorobyev (Bro) for Hooking (Minor) at 8:59, Christian Folin (Anc) for Holding (Minor) at 19:10
2nd period
4. Inferno , Kevin Labanc 1 (Victor Rask 1) at 1:36 (PP)
5. Gangsters , Artem Anisimov 2 (Dave Dziurzynski 3) at 4:05 (PP)
6. Inferno , Vladimir Sobotka 1 (Bryan Rust 2, Christian Folin 2) at 5:59 (SH)
7. Inferno , Philip Varone 2 (Kevin Labanc 2) at 8:35
Penalties :
Seth Griffith (Bro) for Roughing (Minor) at 1:35, Frank Corrado (Anc) for Holding (Minor) at 4:02, Victor Rask (Anc) for Holding (Minor) at 5:33, Morgan Ellis (Bro) for Tripping (Minor) at 6:02, Greg Pateryn (Anc) for Roughing (Minor) at 9:42, Philip Varone (Anc) for Hooking (Minor) at 13:37, Vladimir Sobotka (Anc) for Hooking (Minor) at 18:31
3rd period
8. Inferno , Jake DeBrusk 1 (Philip Varone 2, Evgeny Svechnikov 2) at 10:20 (PP)
Penalties :
Greg Pateryn (Anc) for Roughing (Minor) at 2:32, Jonas Brodin (Bro) for Slashing (Minor) at 6:06, Brett Ponich (Bro) for Roughing (Minor) at 9:40, Morgan Ellis (Bro) for Hooking (Minor) at 10:44, David Pope (Bro) for Hooking (Minor) at 15:24
Goalie Stats
Antti Raanta (Anc), 21 saves from 24 shots - (0.875), W, 1-0-0, 60:00 minutes
Samuel Montembeault (Bro), 25 saves from 30 shots - (0.833), L, 1-1-0, 60:00 minutes
Players Stats for Inferno
Player Name G A P +/- PIM S H SB GA TA FO MP PP MP PK MP
------------------------------------------------------------------------------------
Barclay Goodrow 0 0 0 0 0 0 1 0 0 0 0/0 7:10 0:00 0:00
Bryan Rust 0 1 1 0 0 2 4 2 0 2 0/0 20:20 0:14 7:57
Christian Folin 0 1 1 1 2 4 1 2 0 0 0/0 27:48 5:02 5:40
Esa Lindell 0 0 0 1 0 1 2 1 0 2 0/0 29:16 5:02 7:07
Evgeny Svechnikov 0 1 1 0 0 1 0 0 1 0 0/1 12:24 4:09 0:00
Frank Corrado 0 0 0 0 2 1 1 0 0 0 0/0 8:34 0:00 0:00
Greg Pateryn 0 0 0 1 4 1 0 1 0 1 0/0 20:09 4:04 2:51
Jake DeBrusk 1 0 1 0 0 1 2 0 0 1 0/0 13:42 4:09 0:52
Kevin Labanc 1 1 2 2 0 2 2 0 1 0 0/0 13:52 4:29 0:00
Mathieu Brodeur 0 0 0 1 0 3 0 2 0 0 0/0 23:32 4:04 5:49
Matthew Nieto 0 1 1 2 0 0 2 0 0 0 0/0 14:05 0:17 2:57
Peter Cehlarik 0 0 0 0 0 0 1 1 0 0 0/0 7:10 0:00 0:00
Philip Varone 2 1 3 2 2 3 3 0 0 0 6/10 18:43 4:09 3:41
Rasmus Andersson 0 0 0 0 0 1 1 1 0 2 0/0 11:16 0:00 2:05
Ryan Spooner 0 0 0 0 0 2 0 0 0 0 3/8 11:06 0:00 2:21
Tanner Pearson 0 0 0 -1 0 3 1 0 0 0 0/1 16:45 4:54 0:00
Victor Rask 0 1 1 0 2 2 0 0 0 0 7/9 13:01 4:43 0:16
Vladimir Sobotka 1 0 1 0 4 3 1 2 1 1 14/29 17:43 0:14 5:28
Players Stats for Gangsters
Player Name G A P +/- PIM S H SB GA TA FO MP PP MP PK MP
------------------------------------------------------------------------------------
Artem Anisimov 1 0 1 -1 0 4 2 0 3 0 14/31 24:17 6:42 4:55
Brett Ponich 0 0 0 -1 2 2 1 1 2 0 0/0 28:18 7:06 4:14
Connor Chatam 0 0 0 0 0 1 0 0 0 0 0/0 6:35 0:00 0:00
Dave Dziurzynski 0 1 1 -2 0 4 2 0 0 0 1/1 21:41 6:42 2:23
David Pope 1 1 2 1 2 2 2 0 0 0 0/1 14:45 5:04 0:00
Derrick Pouliot 0 0 0 -1 0 0 1 1 0 1 0/0 20:51 4:40 3:41
Jonas Brodin 0 0 0 -1 2 0 1 0 0 1 0/0 20:15 4:40 3:04
Kevin Roy 0 0 0 -1 0 0 1 0 0 0 1/2 9:15 0:00 0:00
Mikhail Vorobyev 0 0 0 0 2 0 1 0 0 0 2/3 6:36 0:00 0:00
Morgan Ellis 0 0 0 -1 4 2 1 3 1 0 0/0 26:51 7:05 3:58
Phillip Danault 0 0 0 -1 0 2 2 1 0 1 0/0 11:06 0:00 1:48
Richard Panik 0 0 0 -1 0 1 1 0 3 0 6/10 24:03 6:42 4:46
Samuel Blais 0 0 0 0 0 2 1 0 0 0 0/0 6:35 0:00 0:00
Sebastian Collberg 0 0 0 -1 0 1 0 0 0 0 1/2 10:48 0:00 1:48
Seth Griffith 1 1 2 1 2 1 1 0 0 0 2/7 14:54 5:04 0:09
Stefan Noesen 0 2 2 0 0 0 0 0 0 0 1/1 18:05 5:04 2:23
Steven Santini 0 0 0 -1 0 2 0 0 0 0 0/0 13:12 0:00 3:06
Vince Dunn 0 0 0 0 0 0 0 0 0 0 0/0 11:10 0:00 0:09
3 Stars
1 - Philip Varone (Anc)
2 - Kevin Labanc (Anc)
3 - Jake DeBrusk (Anc)
Power Play
Inferno - 2 on 7 Attempt(s) - 28.57%
Gangsters - 2 on 8 Attempt(s) - 25.00%
Penalty Kill
Inferno - 6 on 8 Attempt(s) - 75.00%
- Score 1 goal in Penalty Kill
Gangsters - 5 on 7 Attempt(s) - 71.43%
- Score 0 goal in Penalty Kill
Team Stat
Inferno - Hits : 22 - Faceoff Wins : 30 - Blocked Shots : 12 - Penalty Minutes : 16
Gangsters - Hits : 17 - Faceoff Wins : 28 - Blocked Shots : 6 - Penalty Minutes : 14
Official
Referees : Unknown
Linesman : Unknown
Game Notes
No Game Note
Finance
Level 1 -- Attendance: 1232 (61.60%) -- Ticket Income $49,280
Level 2 -- Attendance: 646 (64.60%) -- Ticket Income $12,920
Total Attendance: 1878 (62.60%)
Total Ticket Income: $62,200
Other Income: $3,110
Total Income: $65,310
Inferno
5 vs 5 Forward
Center Left Wing Right Wing Time % Phy DF OF
1 Vladimir Sobotka Tanner Pearson Bryan Rust 40 1 2 2
2 Philip Varone Matthew Nieto Kevin Labanc 30 1 2 2
3 Victor Rask Jake DeBrusk Evgeny Svechnikov 20 1 2 2
4 Ryan Spooner Peter Cehlarik Barclay Goodrow 10 1 2 2
5 vs 5 Defense
Defense Defense Time % Phy DF OF
1 Christian Folin Esa Lindell 40 1 2 2
2 Mathieu Brodeur Greg Pateryn 30 1 2 2
3 Rasmus Andersson Frank Corrado 20 1 2 2
4 Mathieu Brodeur Greg Pateryn 10 1 2 2
PowerPlay Forward
Center Left Wing Right Wing Time % Phy DF OF
1 Victor Rask Tanner Pearson Kevin Labanc 60 1 2 2
2 Philip Varone Jake DeBrusk Evgeny Svechnikov 40 1 2 2
PowerPlay Defense
Defense Defense Time % Phy DF OF
1 Christian Folin Esa Lindell 60 1 2 2
2 Mathieu Brodeur Greg Pateryn 40 1 2 2
Penalty Kill 4 Players Forward
Center Wing Time % Phy DF OF
1 Vladimir Sobotka Bryan Rust 60 1 2 2
2 Philip Varone Matthew Nieto 40 1 2 2
Penalty Kill 4 Players Defense
Defense Defense Time % Phy DF OF
1 Christian Folin Esa Lindell 60 1 2 2
2 Mathieu Brodeur Greg Pateryn 40 1 2 2
Penalty Kill - 3 Players Forward
Forward Time % Phy DF OF
1 Vladimir Sobotka 60 1 2 2
2 Bryan Rust 40 1 2 2
Penalty Kill - 3 Players Defense
Defense Defense Time % Phy DF OF
1 Christian Folin Esa Lindell 60 1 2 2
2 Mathieu Brodeur Greg Pateryn 40 1 2 2
4 vs 4 Forward
Center Wing Time % Phy DF OF
1 Vladimir Sobotka Tanner Pearson 60 1 2 2
2 Philip Varone Bryan Rust 40 1 2 2
4 vs 4 Defense
Defense Defense Time % Phy DF OF
1 Christian Folin Esa Lindell 60 1 2 2
2 Mathieu Brodeur Greg Pateryn 40 1 2 2
Last Minutes Offensive
Center Left Wing Right Wing Defense Defense
Vladimir Sobotka Tanner Pearson Bryan Rust Christian Folin Esa Lindell
Last Minutes Defensive
Center Left Wing Right Wing Defense Defense
Vladimir Sobotka Tanner Pearson Bryan Rust Christian Folin Esa Lindell
Goaltenders
Starting : Antti Raanta
Backup : Michael Hutchinson
Extra Forwards
Normal : Jake DeBrusk, Matthew Nieto, Evgeny Svechnikov - PP : Evgeny Svechnikov, Matthew Nieto - PK : Ryan Spooner
Extra Defensemen
Normal : Mathieu Brodeur, Greg Pateryn, Rasmus Andersson - PP : Greg Pateryn - PK : Mathieu Brodeur, Greg Pateryn
Penalty Shots
Tanner Pearson, Jake DeBrusk, Evgeny Svechnikov, Kevin Labanc, Victor Rask
Scratches
Chris Brown (Healthy), Christian Jaros (Healthy), Trevor Carrick (Healthy), Petteri Lindbohm (Healthy), Alexander True (Healthy)
Eric Karlsson (Healthy), John Gilmour (Healthy), Ryan Donato (Healthy), Vladislav Kamenev (Healthy), Dominik Masin (Healthy)
Brandon Hickey (Healthy), Nathan Lieuwen (Healthy), Vitek Vanecek (Healthy)
Gangsters
5 vs 5 Forward
Center Left Wing Right Wing Time % Phy DF OF
1 Artem Anisimov Dave Dziurzynski Richard Panik 40 1 2 2
2 Seth Griffith David Pope Stefan Noesen 30 1 2 2
3 Kevin Roy Phillip Danault Sebastian Collberg 20 1 2 2
4 Mikhail Vorobyev Samuel Blais Connor Chatam 10 1 2 2
5 vs 5 Defense
Defense Defense Time % Phy DF OF
1 Brett Ponich Morgan Ellis 40 1 2 2
2 Jonas Brodin Derrick Pouliot 30 1 2 2
3 Vince Dunn Steven Santini 20 1 2 2
4 Brett Ponich Morgan Ellis 10 1 2 2
PowerPlay Forward
Center Left Wing Right Wing Time % Phy DF OF
1 Artem Anisimov Dave Dziurzynski Richard Panik 60 1 2 2
2 Seth Griffith David Pope Stefan Noesen 40 1 2 2
PowerPlay Defense
Defense Defense Time % Phy DF OF
1 Brett Ponich Morgan Ellis 60 1 2 2
2 Jonas Brodin Derrick Pouliot 40 1 2 2
Penalty Kill 4 Players Forward
Center Wing Time % Phy DF OF
1 Richard Panik Artem Anisimov 60 1 2 2
2 Dave Dziurzynski Stefan Noesen 40 1 2 2
Penalty Kill 4 Players Defense
Defense Defense Time % Phy DF OF
1 Brett Ponich Morgan Ellis 60 1 2 2
2 Jonas Brodin Derrick Pouliot 40 1 2 2
Penalty Kill - 3 Players Forward
Forward Time % Phy DF OF
1 Richard Panik 60 1 2 2
2 Artem Anisimov 40 1 2 2
Penalty Kill - 3 Players Defense
Defense Defense Time % Phy DF OF
1 Brett Ponich Morgan Ellis 60 1 2 2
2 Jonas Brodin Derrick Pouliot 40 1 2 2
4 vs 4 Forward
Center Wing Time % Phy DF OF
1 Richard Panik Artem Anisimov 60 1 2 2
2 Dave Dziurzynski Stefan Noesen 40 1 2 2
4 vs 4 Defense
Defense Defense Time % Phy DF OF
1 Brett Ponich Morgan Ellis 60 1 2 2
2 Jonas Brodin Derrick Pouliot 40 1 2 2
Last Minutes Offensive
Center Left Wing Right Wing Defense Defense
Artem Anisimov Dave Dziurzynski Richard Panik Brett Ponich Morgan Ellis
Last Minutes Defensive
Center Left Wing Right Wing Defense Defense
Artem Anisimov Dave Dziurzynski Richard Panik Brett Ponich Morgan Ellis
Goaltenders
Starting : Samuel Montembeault
Backup : Jordan Binnington
Extra Forwards
Normal : Phillip Danault, Kevin Roy, Sebastian Collberg - PP : Phillip Danault, Kevin Roy - PK : Sebastian Collberg
Extra Defensemen
Normal : Vince Dunn, Steven Santini, Jonas Brodin - PP : Vince Dunn - PK : Steven Santini, Jonas Brodin
Penalty Shots
Richard Panik, Artem Anisimov, Dave Dziurzynski, Stefan Noesen, Seth Griffith
Scratches
Will Borgen (Healthy), Colton White (Healthy), Dryden Hunt (Healthy), Joel Kiviranta (Healthy), Ryan Culkin (Healthy)
Keegan Kolesar (Healthy), Adam Lowry (Healthy), Joshua Jacobs (Healthy), Jacob Middleton (Healthy), Jake Marchment (Healthy)
% Time on Ice - Inferno
Lines # - Real PCT - Wanted PCT - Time Play
Normal Forward
1 - 31% - 40% - 11:45
2 - 29% - 30% - 10:44
3 - 21% - 20% - 7:59
4 - 19% - 10% - 7:10
Normal Defense
1 - 43% - 40% - 16:04
2 - 31% - 30% - 11:34
3 - 23% - 20% - 8:35
4 - 4% - 10% - 1:25
PP Forward
1 - 54% - 60% - 4:57
2 - 46% - 40% - 4:09
PP Defense
1 - 55% - 60% - 5:02
2 - 45% - 40% - 4:04
PK Forward
1 - 75% - 60% - 8:49
2 - 25% - 40% - 2:57
PK Defense
1 - 60% - 60% - 7:07
2 - 40% - 40% - 4:39
PK3 Forward
1 - 0% - 60%
2 - 0% - 40%
PK3 Defense
1 - 0% - 60%
2 - 0% - 40%
44 Forward
1 - 77% - 60% - 1:09
2 - 23% - 40% - 0:21
44 Defense
1 - 70% - 60% - 1:03
2 - 30% - 40% - 0:27
Last Minute Offensive - 0:00
Last Minute Defensive - 0:00
Total
Forward - 60:00
Defense - 60:00
|
% Time on Ice - Gangsters
Lines # - Real PCT - Wanted PCT - Time Play
Normal Forward
1 - 32% - 40% - 12:06
2 - 27% - 30% - 10:11
3 - 23% - 20% - 8:46
4 - 17% - 10% - 6:35
Normal Defense
1 - 41% - 40% - 15:30
2 - 32% - 30% - 12:03
3 - 25% - 20% - 9:27
4 - 2% - 10% - 0:38
PP Forward
1 - 57% - 60% - 6:42
2 - 43% - 40% - 5:04
PP Defense
1 - 60% - 60% - 7:06
2 - 40% - 40% - 4:40
PK Forward
1 - 74% - 60% - 6:43
2 - 26% - 40% - 2:23
PK Defense
1 - 60% - 60% - 5:25
2 - 40% - 40% - 3:41
PK3 Forward
1 - 0% - 60%
2 - 0% - 40%
PK3 Defense
1 - 0% - 60%
2 - 0% - 40%
44 Forward
1 - 78% - 60% - 1:10
2 - 22% - 40% - 0:20
44 Defense
1 - 70% - 60% - 1:03
2 - 30% - 40% - 0:27
Last Minute Offensive - 0:00
Last Minute Defensive - 0:00
Total
Forward - 60:00
Defense - 60:00
|
Play-by-Play
1st period
0:01 of 1st period - Artem Anisimov wins face-off versus Vladimir Sobotka in neutral zone.
0:06 of 1st period - Wrist shot by Artem Anisimov.
0:06 of 1st period - Shot Misses the Net.
0:08 of 1st period - Snap shot by Morgan Ellis.
0:08 of 1st period - Shot Misses the Net.
0:16 of 1st period - Snap shot by Richard Panik.
0:16 of 1st period - Shot Blocked by Bryan Rust.
0:26 of 1st period - Brett Ponich is hit by Kevin Labanc.
0:52 of 1st period - Snap shot by Evgeny Svechnikov.
0:52 of 1st period - Deflect By Derrick Pouliot.
0:52 of 1st period - Stopped by Samuel Montembeault without a rebound.
0:53 of 1st period - Ryan Spooner wins face-off versus Mikhail Vorobyev in Gangsters zone.
1:23 of 1st period - Vince Dunn is hit by Vladimir Sobotka and loses puck.
1:37 of 1st period - Minor Penalty to Vladimir Sobotka for Goalie Interference.
1:38 of 1st period - Artem Anisimov wins face-off versus Ryan Spooner in Inferno zone.
2:08 of 1st period - Esa Lindell is hit by Jonas Brodin and loses puck.
2:27 of 1st period - Stefan Noesen is hit by Philip Varone and loses puck.
2:56 of 1st period - Snap shot by Seth Griffith.
2:56 of 1st period - Goal by Seth Griffith - Inferno : 0 - Gangsters : 1.
2:57 of 1st period - Victor Rask wins face-off versus Artem Anisimov in neutral zone.
3:52 of 1st period - Vladimir Sobotka is hit by Morgan Ellis and loses puck.
4:06 of 1st period - Off-side.
4:07 of 1st period - Ryan Spooner wins face-off versus Seth Griffith in neutral zone.
4:41 of 1st period - Slapshot by Matthew Nieto.
4:41 of 1st period - Shot Misses the Net.
4:55 of 1st period - Slapshot by Tanner Pearson.
4:55 of 1st period - Stopped by Samuel Montembeault with a rebound.
5:15 of 1st period - Stefan Noesen is hit by Jake DeBrusk and loses puck.
5:34 of 1st period - Snap shot by Steven Santini.
5:34 of 1st period - Stopped by Antti Raanta with a rebound.
6:42 of 1st period - Wrist shot by Victor Rask.
6:42 of 1st period - Stopped by Samuel Montembeault without a rebound.
6:43 of 1st period - Victor Rask wins face-off versus Artem Anisimov in Gangsters zone.
6:46 of 1st period - Snap shot by Victor Rask.
6:46 of 1st period - Shot Misses the Net.
6:48 of 1st period - Slapshot by Frank Corrado.
6:48 of 1st period - Stopped by Samuel Montembeault without a rebound.
6:49 of 1st period - Artem Anisimov wins face-off versus Vladimir Sobotka in Gangsters zone.
6:57 of 1st period - Off-side.
6:58 of 1st period - Vladimir Sobotka wins face-off versus Artem Anisimov in neutral zone.
7:09 of 1st period - Snap shot by Tanner Pearson.
7:09 of 1st period - Stopped by Samuel Montembeault without a rebound.
7:10 of 1st period - Stefan Noesen wins face-off versus Philip Varone in Gangsters zone.
7:24 of 1st period - Snap shot by Seth Griffith.
7:24 of 1st period - Shot Blocked by Mathieu Brodeur.
7:26 of 1st period - Slapshot by Morgan Ellis.
7:26 of 1st period - Stopped by Antti Raanta with a rebound.
7:36 of 1st period - Philip Varone is hit by Brett Ponich and loses puck.
7:54 of 1st period - Wrist shot by Philip Varone.
7:54 of 1st period - Goal by Philip Varone - Inferno : 1 - Gangsters : 1.
7:55 of 1st period - Vladimir Sobotka wins face-off versus Artem Anisimov in neutral zone.
8:07 of 1st period - Wrist shot by Artem Anisimov.
8:07 of 1st period - Stopped by Antti Raanta with a rebound.
8:09 of 1st period - Wrist shot by Dave Dziurzynski.
8:09 of 1st period - Shot Blocked by Christian Folin.
8:11 of 1st period - Wrist shot by Dave Dziurzynski.
8:11 of 1st period - Stopped by Antti Raanta with a rebound.
8:59 of 1st period - Minor Penalty to Mikhail Vorobyev for Hooking.
9:00 of 1st period - Richard Panik wins face-off versus Victor Rask in Gangsters zone.
10:59 of 1st period - Penalty to Mikhail Vorobyev is over, Mikhail Vorobyev is back on ice.
11:05 of 1st period - Jonas Brodin is hit by Frank Corrado and loses puck.
11:08 of 1st period - Snap shot by Samuel Blais.
11:08 of 1st period - Stopped by Antti Raanta without a rebound.
11:09 of 1st period - Mikhail Vorobyev wins face-off versus Ryan Spooner in Inferno zone.
11:38 of 1st period - Barclay Goodrow is hit by Seth Griffith and loses puck.
12:16 of 1st period - Wrist shot by Tanner Pearson.
12:16 of 1st period - Shot Misses the Net.
12:29 of 1st period - Icing by Greg Pateryn.
12:30 of 1st period - Mikhail Vorobyev wins face-off versus Evgeny Svechnikov in Inferno zone.
12:37 of 1st period - Mathieu Brodeur is hit by Samuel Blais.
12:55 of 1st period - Dave Dziurzynski is hit by Philip Varone.
13:37 of 1st period - Snap shot by Ryan Spooner.
13:37 of 1st period - Stopped by Samuel Montembeault without a rebound.
13:38 of 1st period - Artem Anisimov wins face-off versus Ryan Spooner in Gangsters zone.
14:11 of 1st period - Snap shot by Phillip Danault.
14:11 of 1st period - Stopped by Antti Raanta without a rebound.
14:12 of 1st period - Seth Griffith wins face-off versus Vladimir Sobotka in Inferno zone.
14:21 of 1st period - Backhand shot by David Pope.
14:21 of 1st period - Goal by David Pope - Inferno : 1 - Gangsters : 2.
14:22 of 1st period - Richard Panik wins face-off versus Vladimir Sobotka in neutral zone.
14:35 of 1st period - Backhand shot by Dave Dziurzynski.
14:35 of 1st period - Shot Misses the Net.
17:05 of 1st period - Snap shot by Evgeny Svechnikov.
17:05 of 1st period - Shot Hit the Post.
17:40 of 1st period - Samuel Blais is hit by Esa Lindell and loses puck.
18:05 of 1st period - Stefan Noesen is hit by Peter Cehlarik and loses puck.
18:23 of 1st period - Greg Pateryn is hit by Richard Panik and loses puck.
19:08 of 1st period - Wrist shot by Samuel Blais.
19:08 of 1st period - Stopped by Antti Raanta with a rebound.
19:10 of 1st period - Minor Penalty to Christian Folin for Holding.
19:11 of 1st period - Dave Dziurzynski wins face-off versus Vladimir Sobotka in Inferno zone.
19:24 of 1st period - Bryan Rust is hit by Artem Anisimov and loses puck.
19:59 of 1st period - Wrist shot by Matthew Nieto.
19:59 of 1st period - Shot Misses the Net.
Goals for this period are 1 for Inferno vs 2 for Gangsters.
Shots for this period are 7 for Inferno vs 9 for Gangsters.
2nd period
0:01 of 2nd period - Vladimir Sobotka wins face-off versus Artem Anisimov in neutral zone.
0:04 of 2nd period - Snap shot by Esa Lindell.
0:04 of 2nd period - Stopped by Samuel Montembeault without a rebound.
0:05 of 2nd period - Vladimir Sobotka wins face-off versus Artem Anisimov in Gangsters zone.
0:16 of 2nd period - Snap shot by Artem Anisimov.
0:16 of 2nd period - Shot Misses the Net.
0:18 of 2nd period - Slapshot by Brett Ponich.
0:18 of 2nd period - Shot Blocked by Mathieu Brodeur.
0:20 of 2nd period - Slapshot by Morgan Ellis.
0:20 of 2nd period - Stopped by Antti Raanta without a rebound.
0:21 of 2nd period - Vladimir Sobotka wins face-off versus Artem Anisimov in Inferno zone.
0:53 of 2nd period - Snap shot by Brett Ponich.
0:53 of 2nd period - Stopped by Antti Raanta without a rebound.
0:54 of 2nd period - Philip Varone wins face-off versus Seth Griffith in Inferno zone.
1:04 of 2nd period - Off-side.
1:05 of 2nd period - Vladimir Sobotka wins face-off versus Artem Anisimov in neutral zone.
1:10 of 2nd period - Penalty to Christian Folin is over, Christian Folin is back on ice.
1:12 of 2nd period - Wrist shot by Vladimir Sobotka.
1:12 of 2nd period - Stopped by Samuel Montembeault with a rebound.
1:22 of 2nd period - Snap shot by Vladimir Sobotka.
1:22 of 2nd period - Stopped by Samuel Montembeault without a rebound.
1:23 of 2nd period - Philip Varone wins face-off versus Seth Griffith in Gangsters zone.
1:35 of 2nd period - Minor Penalty to Seth Griffith for Roughing.
1:36 of 2nd period - Victor Rask wins face-off versus Richard Panik in Gangsters zone.
1:36 of 2nd period - Wrist shot by Kevin Labanc.
1:36 of 2nd period - Goal by Kevin Labanc - Inferno : 2 - Gangsters : 2.
1:37 of 2nd period - Vladimir Sobotka wins face-off versus Artem Anisimov in neutral zone.
1:40 of 2nd period - Dave Dziurzynski is hit by Esa Lindell and loses puck.
2:31 of 2nd period - Evgeny Svechnikov is hit by Derrick Pouliot.
2:50 of 2nd period - Christian Folin is hit by Kevin Roy and loses puck.
3:10 of 2nd period - Dave Dziurzynski is hit by Christian Folin and loses puck.
3:54 of 2nd period - Morgan Ellis is hit by Jake DeBrusk and loses puck.
4:02 of 2nd period - Minor Penalty to Frank Corrado for Holding.
4:03 of 2nd period - Artem Anisimov wins face-off versus Vladimir Sobotka in Inferno zone.
4:05 of 2nd period - Snap shot by Artem Anisimov.
4:05 of 2nd period - Goal by Artem Anisimov - Inferno : 2 - Gangsters : 3.
4:06 of 2nd period - Artem Anisimov wins face-off versus Vladimir Sobotka in neutral zone.
4:15 of 2nd period - Slapshot by Dave Dziurzynski.
4:15 of 2nd period - Stopped by Antti Raanta with a rebound.
4:30 of 2nd period - Artem Anisimov is hit by Tanner Pearson and loses puck.
4:41 of 2nd period - Esa Lindell is hit by Dave Dziurzynski and loses puck.
4:52 of 2nd period - Snap shot by Tanner Pearson.
4:52 of 2nd period - Stopped by Samuel Montembeault without a rebound.
4:53 of 2nd period - Philip Varone wins face-off versus David Pope in Gangsters zone.
4:58 of 2nd period - Snap shot by Matthew Nieto.
4:58 of 2nd period - Shot Hit the Post.
5:33 of 2nd period - Minor Penalty to Victor Rask for Holding.
5:34 of 2nd period - Vladimir Sobotka wins face-off versus Artem Anisimov in Inferno zone.
5:39 of 2nd period - Wrist shot by Richard Panik.
5:39 of 2nd period - Shot Blocked by Vladimir Sobotka.
5:43 of 2nd period - Snap shot by Dave Dziurzynski.
5:43 of 2nd period - Shot Blocked by Christian Folin.
5:45 of 2nd period - Wrist shot by Artem Anisimov.
5:45 of 2nd period - Shot Blocked by Bryan Rust.
5:47 of 2nd period - Wrist shot by Morgan Ellis.
5:47 of 2nd period - Shot Blocked by Esa Lindell.
5:49 of 2nd period - Snap shot by Richard Panik.
5:49 of 2nd period - Deflect By Dave Dziurzynski.
5:49 of 2nd period - Stopped by Antti Raanta without a rebound.
5:50 of 2nd period - Artem Anisimov wins face-off versus Vladimir Sobotka in Inferno zone.
5:57 of 2nd period - Slapshot by Christian Folin.
5:57 of 2nd period - Stopped by Samuel Montembeault with a rebound.
5:59 of 2nd period - Slapshot by Bryan Rust.
5:59 of 2nd period - Deflect By Vladimir Sobotka.
5:59 of 2nd period - Deflect By Artem Anisimov.
5:59 of 2nd period - Goal by Vladimir Sobotka - Inferno : 3 - Gangsters : 3.
6:00 of 2nd period - Artem Anisimov wins face-off versus Vladimir Sobotka in neutral zone.
6:02 of 2nd period - Minor Penalty to Morgan Ellis for Tripping.
6:03 of 2nd period - Artem Anisimov wins face-off versus Vladimir Sobotka in Gangsters zone.
6:43 of 2nd period - Stefan Noesen is hit by Bryan Rust and loses puck.
7:19 of 2nd period - Phillip Danault is hit by Matthew Nieto and loses puck.
7:33 of 2nd period - Penalty to Victor Rask is over, Victor Rask is back on ice.
8:02 of 2nd period - Penalty to Morgan Ellis is over, Morgan Ellis is back on ice.
8:18 of 2nd period - Ryan Spooner is hit by Dave Dziurzynski and loses puck.
8:29 of 2nd period - Snap shot by Morgan Ellis.
8:29 of 2nd period - Shot Misses the Net.
8:35 of 2nd period - Snap shot by Philip Varone.
8:35 of 2nd period - Goal by Philip Varone - Inferno : 4 - Gangsters : 3.
8:36 of 2nd period - Sebastian Collberg wins face-off versus Vladimir Sobotka in neutral zone.
8:41 of 2nd period - Esa Lindell is hit by Phillip Danault and loses puck.
8:50 of 2nd period - Slapshot by Christian Folin.
8:50 of 2nd period - Deflect By Sebastian Collberg.
8:50 of 2nd period - Stopped by Samuel Montembeault with a rebound.
8:52 of 2nd period - Wrist shot by Vladimir Sobotka.
8:52 of 2nd period - Shot Misses the Net.
9:13 of 2nd period - Off-side.
9:14 of 2nd period - Vladimir Sobotka wins face-off versus Seth Griffith in neutral zone.
9:21 of 2nd period - Snap shot by Bryan Rust.
9:21 of 2nd period - Shot Blocked by Brett Ponich.
9:23 of 2nd period - Slapshot by Greg Pateryn.
9:23 of 2nd period - Shot Hit the Post.
9:25 of 2nd period - Slapshot by Greg Pateryn.
9:25 of 2nd period - Stopped by Samuel Montembeault with a rebound.
9:42 of 2nd period - Minor Penalty to Greg Pateryn for Roughing.
9:43 of 2nd period - Vladimir Sobotka wins face-off versus Artem Anisimov in Inferno zone.
10:52 of 2nd period - Jonas Brodin is hit by Rasmus Andersson.
11:42 of 2nd period - Penalty to Greg Pateryn is over, Greg Pateryn is back on ice.
11:57 of 2nd period - Wrist shot by Victor Rask.
11:57 of 2nd period - Stopped by Samuel Montembeault without a rebound.
11:58 of 2nd period - Victor Rask wins face-off versus Sebastian Collberg in Gangsters zone.
12:07 of 2nd period - Evgeny Svechnikov is hit by Phillip Danault and loses puck.
12:56 of 2nd period - Wrist shot by Bryan Rust.
12:56 of 2nd period - Stopped by Samuel Montembeault with a rebound.
13:13 of 2nd period - Snap shot by Richard Panik.
13:13 of 2nd period - Stopped by Antti Raanta with a rebound.
13:15 of 2nd period - Wrist shot by Artem Anisimov.
13:15 of 2nd period - Deflect By Christian Folin.
13:15 of 2nd period - Shot Misses the Net.
13:15 of 2nd period - Puck is out of play.
13:16 of 2nd period - Philip Varone wins face-off versus Artem Anisimov in Inferno zone.
13:37 of 2nd period - Minor Penalty to Philip Varone for Hooking.
13:38 of 2nd period - Artem Anisimov wins face-off versus Vladimir Sobotka in Inferno zone.
13:51 of 2nd period - Wrist shot by Artem Anisimov.
13:51 of 2nd period - Shot Blocked by Vladimir Sobotka.
13:53 of 2nd period - Slapshot by Brett Ponich.
13:53 of 2nd period - Deflect By Artem Anisimov.
13:53 of 2nd period - Shot Misses the Net.
13:53 of 2nd period - Puck is out of play.
13:54 of 2nd period - Vladimir Sobotka wins face-off versus Artem Anisimov in Inferno zone.
15:37 of 2nd period - Penalty to Philip Varone is over, Philip Varone is back on ice.
15:44 of 2nd period - Philip Varone is hit by Mikhail Vorobyev and loses puck.
16:07 of 2nd period - Snap shot by Philip Varone.
16:07 of 2nd period - Shot Misses the Net.
16:45 of 2nd period - Slapshot by Vince Dunn.
16:45 of 2nd period - Deflect By Samuel Blais.
16:45 of 2nd period - Shot Misses the Net.
16:45 of 2nd period - Puck is out of play.
16:46 of 2nd period - Artem Anisimov wins face-off versus Vladimir Sobotka in Inferno zone.
16:57 of 2nd period - Wrist shot by Richard Panik.
16:57 of 2nd period - Shot Blocked by Greg Pateryn.
16:59 of 2nd period - Slapshot by Artem Anisimov.
16:59 of 2nd period - Stopped by Antti Raanta with a rebound.
17:16 of 2nd period - Victor Rask is hit by David Pope.
17:37 of 2nd period - Snap shot by Sebastian Collberg.
17:37 of 2nd period - Deflect By Tanner Pearson.
17:37 of 2nd period - Shot Misses the Net.
17:37 of 2nd period - Puck is out of play.
17:38 of 2nd period - Kevin Roy wins face-off versus Tanner Pearson in Inferno zone.
17:43 of 2nd period - Snap shot by Phillip Danault.
17:43 of 2nd period - Stopped by Antti Raanta with a rebound.
18:09 of 2nd period - Wrist shot by Dave Dziurzynski.
18:09 of 2nd period - Stopped by Antti Raanta without a rebound.
18:10 of 2nd period - Vladimir Sobotka wins face-off versus Artem Anisimov in Inferno zone.
18:31 of 2nd period - Minor Penalty to Vladimir Sobotka for Hooking.
18:32 of 2nd period - Artem Anisimov wins face-off versus Ryan Spooner in Inferno zone.
18:33 of 2nd period - Snap shot by Dave Dziurzynski.
18:33 of 2nd period - Shot Misses the Net.
18:48 of 2nd period - Richard Panik is hit by Bryan Rust.
Goals for this period are 3 for Inferno vs 1 for Gangsters.
Shots for this period are 12 for Inferno vs 9 for Gangsters.
3rd period
0:01 of 3rd period - Artem Anisimov wins face-off versus Ryan Spooner in neutral zone.
0:31 of 3rd period - Penalty to Vladimir Sobotka is over, Vladimir Sobotka is back on ice.
1:57 of 3rd period - Slapshot by Bryan Rust.
1:57 of 3rd period - Stopped by Samuel Montembeault without a rebound.
1:58 of 3rd period - Artem Anisimov wins face-off versus Philip Varone in Gangsters zone.
1:58 of 3rd period - Artem Anisimov is hit by Philip Varone.
2:32 of 3rd period - Minor Penalty to Greg Pateryn for Roughing.
2:33 of 3rd period - Richard Panik wins face-off versus Vladimir Sobotka in Inferno zone.
2:59 of 3rd period - Morgan Ellis is hit by Matthew Nieto and loses puck.
3:06 of 3rd period - Slapshot by Christian Folin.
3:06 of 3rd period - Stopped by Samuel Montembeault without a rebound.
3:07 of 3rd period - Vladimir Sobotka wins face-off versus Artem Anisimov in Gangsters zone.
3:34 of 3rd period - Philip Varone is hit by David Pope.
4:32 of 3rd period - Penalty to Greg Pateryn is over, Greg Pateryn is back on ice.
4:38 of 3rd period - Derrick Pouliot is hit by Bryan Rust and loses puck.
4:45 of 3rd period - Slapshot by Bryan Rust.
4:45 of 3rd period - Shot Misses the Net.
4:47 of 3rd period - Slapshot by Mathieu Brodeur.
4:47 of 3rd period - Deflect By Ryan Spooner.
4:47 of 3rd period - Stopped by Samuel Montembeault with a rebound.
4:49 of 3rd period - Slapshot by Mathieu Brodeur.
4:49 of 3rd period - Stopped by Samuel Montembeault with a rebound.
4:51 of 3rd period - Wrist shot by Rasmus Andersson.
4:51 of 3rd period - Deflect By Jonas Brodin.
4:51 of 3rd period - Stopped by Samuel Montembeault without a rebound.
4:52 of 3rd period - Philip Varone wins face-off versus Kevin Roy in Gangsters zone.
5:05 of 3rd period - Wrist shot by Philip Varone.
5:05 of 3rd period - Shot Misses the Net.
5:07 of 3rd period - Snap shot by Esa Lindell.
5:07 of 3rd period - Shot Blocked by Morgan Ellis.
5:47 of 3rd period - Snap shot by Ryan Spooner.
5:47 of 3rd period - Shot Misses the Net.
6:06 of 3rd period - Minor Penalty to Jonas Brodin for Slashing.
6:07 of 3rd period - Richard Panik wins face-off versus Victor Rask in Gangsters zone.
6:41 of 3rd period - Slapshot by Philip Varone.
6:41 of 3rd period - Stopped by Samuel Montembeault with a rebound.
6:43 of 3rd period - Slapshot by Mathieu Brodeur.
6:43 of 3rd period - Stopped by Samuel Montembeault without a rebound.
6:44 of 3rd period - Philip Varone wins face-off versus Richard Panik in Gangsters zone.
6:47 of 3rd period - Snap shot by Philip Varone.
6:47 of 3rd period - Shot Blocked by Derrick Pouliot.
7:41 of 3rd period - Wrist shot by Stefan Noesen.
7:41 of 3rd period - Shot Misses the Net.
8:06 of 3rd period - Penalty to Jonas Brodin is over, Jonas Brodin is back on ice.
8:39 of 3rd period - Snap shot by David Pope.
8:39 of 3rd period - Stopped by Antti Raanta without a rebound.
8:40 of 3rd period - Seth Griffith wins face-off versus Vladimir Sobotka in Inferno zone.
9:28 of 3rd period - Snap shot by Barclay Goodrow.
9:28 of 3rd period - Shot Blocked by Morgan Ellis.
9:30 of 3rd period - Wrist shot by Peter Cehlarik.
9:30 of 3rd period - Shot Blocked by Phillip Danault.
9:32 of 3rd period - Snap shot by Peter Cehlarik.
9:32 of 3rd period - Shot Misses the Net.
9:34 of 3rd period - Slapshot by Mathieu Brodeur.
9:34 of 3rd period - Stopped by Samuel Montembeault with a rebound.
9:40 of 3rd period - Minor Penalty to Brett Ponich for Roughing.
9:41 of 3rd period - Victor Rask wins face-off versus Richard Panik in Gangsters zone.
9:48 of 3rd period - Wrist shot by Artem Anisimov.
9:48 of 3rd period - Shot Misses the Net.
10:20 of 3rd period - Backhand shot by Jake DeBrusk.
10:20 of 3rd period - Goal by Jake DeBrusk - Inferno : 5 - Gangsters : 3.
10:21 of 3rd period - Vladimir Sobotka wins face-off versus Artem Anisimov in neutral zone.
10:36 of 3rd period - Snap shot by Tanner Pearson.
10:36 of 3rd period - Shot Blocked by Morgan Ellis.
10:44 of 3rd period - Minor Penalty to Morgan Ellis for Hooking.
10:45 of 3rd period - Victor Rask wins face-off versus Richard Panik in Gangsters zone.
11:16 of 3rd period - Wrist shot by Philip Varone.
11:16 of 3rd period - Shot Misses the Net.
11:18 of 3rd period - Slapshot by Christian Folin.
11:18 of 3rd period - Deflect By Steven Santini.
11:18 of 3rd period - Stopped by Samuel Montembeault without a rebound.
11:19 of 3rd period - Richard Panik wins face-off versus Philip Varone in Gangsters zone.
12:41 of 3rd period - Brett Ponich is hit by Kevin Labanc and loses puck.
12:44 of 3rd period - Penalty to Morgan Ellis is over, Morgan Ellis is back on ice.
13:02 of 3rd period - Slapshot by Connor Chatam.
13:02 of 3rd period - Stopped by Antti Raanta with a rebound.
13:04 of 3rd period - Slapshot by Connor Chatam.
13:04 of 3rd period - Shot Misses the Net.
13:48 of 3rd period - Vince Dunn is hit by Bryan Rust and loses puck.
14:32 of 3rd period - David Pope is hit by Barclay Goodrow and loses puck.
14:47 of 3rd period - Wrist shot by Kevin Labanc.
14:47 of 3rd period - Stopped by Samuel Montembeault with a rebound.
15:24 of 3rd period - Minor Penalty to David Pope for Hooking.
15:25 of 3rd period - Richard Panik wins face-off versus Philip Varone in Gangsters zone.
17:24 of 3rd period - Penalty to David Pope is over, David Pope is back on ice.
17:32 of 3rd period - Slapshot by Steven Santini.
17:32 of 3rd period - Deflect By Esa Lindell.
17:32 of 3rd period - Stopped by Antti Raanta without a rebound.
17:33 of 3rd period - Ryan Spooner wins face-off versus Seth Griffith in Inferno zone.
17:58 of 3rd period - Frank Corrado is hit by Artem Anisimov and loses puck.
18:03 of 3rd period - Wrist shot by Artem Anisimov.
18:03 of 3rd period - Stopped by Antti Raanta with a rebound.
18:05 of 3rd period - Snap shot by Brett Ponich.
18:05 of 3rd period - Shot Blocked by Rasmus Andersson.
18:07 of 3rd period - Slapshot by Brett Ponich.
18:07 of 3rd period - Shot Blocked by Peter Cehlarik.
18:39 of 3rd period - Slapshot by Brett Ponich.
18:39 of 3rd period - Stopped by Antti Raanta with a rebound.
18:44 of 3rd period - Icing by Christian Folin.
18:45 of 3rd period - Victor Rask wins face-off versus Artem Anisimov in Inferno zone.
19:11 of 3rd period - Slapshot by Steven Santini.
19:11 of 3rd period - Shot Misses the Net.
19:13 of 3rd period - Snap shot by Sebastian Collberg.
19:13 of 3rd period - Stopped by Antti Raanta with a rebound.
19:15 of 3rd period - Snap shot by Sebastian Collberg.
19:15 of 3rd period - Shot Misses the Net.
Goals for this period are 1 for Inferno vs 0 for Gangsters.
Shots for this period are 11 for Inferno vs 6 for Gangsters.
Output by the SimonT Hockey Simulator (STHS) for Francois Prevost